 Dungeon Crawl Stone Soup version 0.17-a0-1393-gcb420ff (webtiles) character file.

1267 Slowtrain the Conjurer (level 8, -1/52 HPs)
             Began as a Demonspawn Venom Mage on June 16, 2015.
             Slain by a hippogriff (7 damage)
             ... on level 7 of the Dungeon.
             The game lasted 00:37:14 (8687 turns).

Slowtrain the Conjurer (Demonspawn Venom Mage)      Turns: 8687, Time: 00:37:14

Health: -1/52      AC:  4    Str:  8    XL:     8   Next: 28%
Magic:  10/14      EV: 12    Int: 19    God:
Gold:   267        SH:  0    Dex: 14    Spells: 3 memorised, 9 levels left

rFire  . . .     SeeInvis .     h - +1 short sword (drain)
rCold  . . .     Clarity  .     a - +0 robe
rNeg   . . .     SustAt   .     (no shield)
rPois  .         Gourm    .     (helmet restricted)
rElec  .         Spirit   .     y - +0 cloak
rCorr  .         Warding  .     (no gloves)
rMut   .         Stasis   .     k - +0 pair of boots
MR     .....                    (no amulet)
Stlth  +++++.....               (no ring)
                                (no ring)

@: not resistant to hostile enchantments, quite stealthy
A: antennae 1, demonic guardian 1, nightstalker 3
a: no special abilities


You were on level 7 of the Dungeon.
You were not hungry.

You visited 2 branches of the dungeon, and saw 8 of its levels.

You collected 267 gold pieces.

Inventory:

Hand weapons
 e - a +0 dagger
 f - a +0 dagger
 h - a +1 short sword of draining (weapon)
 x - a +0 flail
 E - a +1 dagger of draining
Missiles
 g - 201 stones (quivered)
 r - 18 poisoned needles
Armour
 a - a +0 robe (worn)
 k - a +0 pair of boots (worn)
 y - a +0 cloak (worn)
 A - a +0 helmet
Magical staves
 J - an uncursed staff of fire
Jewellery
 L - an uncursed amulet of guardian spirit
Magical devices
 p - a wand of random effects (4)
 K - a wand of fireball (8)
Scrolls
 n - a scroll of enchant weapon
 o - a scroll of identify
 s - a scroll of immolation
 t - a scroll of magic mapping {unknown}
 u - 2 scrolls of amnesia
 v - 3 scrolls of teleportation
 F - a scroll of remove curse {unknown}
Potions
 d - 2 potions of lignification
 j - 4 potions of haste
 l - 2 potions of agility
 m - 3 potions of curing
 q - a potion of beneficial mutation {unknown}
 w - a potion of brilliance {unknown}
 z - a potion of degeneration {unknown}
 B - a potion of ambrosia {unknown}
 C - 2 potions of might
 G - 2 potions of heal wounds
 I - a potion of cancellation {unknown}
Books
 b - a Young Poisoner's Handbook

   Spells                             Type                      Level
   a - Sting                          Conjuration/Poison           1
   b - Cure Poison                    Poison                       2
   c - Mephitic Cloud                 Conjuration/Poison/Air       3
   d - Olgreb's Toxic Radiance        Poison                       4
   e - Venom Bolt                     Conjuration/Poison           5
 D - a book of Party Tricks

   Spells                             Type                      Level
   a - Summon Butterflies             Summoning                    1
   b - Apportation                    Translocation                1
   c - Tukima's Dance                 Hexes                        3
   d - Alistair's Intoxication        Transmutation/Poison         4
   e - Invisibility                   Hexes                        6
Comestibles
 c - 7 bread rations
 i - 4 meat rations
 H - a chunk of flesh


   Skills:
 + Level 2.0 Short Blades
 - Level 1.7 Dodging
 - Level 1.7 Stealth
 - Level 4.0 Spellcasting
 - Level 6.2 Conjurations
 - Level 3.1 Air Magic
 - Level 6.2 Poison Magic


You had 9 spell levels left.
You knew the following spells:

 Your Spells              Type           Power        Failure   Level  Hunger
a - Sting                 Conj/Pois      ####         1%          1    None
b - Mephitic Cloud        Conj/Pois/Air  ###.....     6%          3    ###....
c - Cure Poison           Pois           ####......   1%          2    ##.....


Dungeon Overview and Level Annotations

Branches:
Dungeon (7/15)             Temple (1/1) D:6

Altars:
Ashenzari
Cheibriados
Elyvilon
Fedhas
Gozag
Kikubaaqudgha
Makhleb
Nemelex Xobeh
Qazlal
Sif Muna
Trog
Xom
Yredelemnul
Zin
The Shining One

Shops:
D:4 :   D:5 [   D:6 }

Annotations:
D:4 exclusion: skeleton
D:5 Grinder


Innate Abilities, Weirdness & Mutations

You have a pair of small antennae on your head.
A weak demonic guardian rushes to your aid.
You are completely attuned to the shadows.


Message History

Confirm with . or Enter, or press ? or * to list all spells.
Aiming: Sting
Press: ? - help, Shift-Dir - straight line, f/p - hippogriff
Aim: a hippogriff (severely wounded, poisoned, lightly drained)
The sting hits the hippogriff.
The hippogriff looks even sicker.
The hippogriff is severely wounded.
The hippogriff bites you. The hippogriff pecks you.
* * * LOW HITPOINT WARNING * * *
The hippogriff misses you.
Casting: Sting
Confirm with . or Enter, or press ? or * to list all spells.
Aiming: Sting
Press: ? - help, Shift-Dir - straight line, f/p - hippogriff
Aim: a hippogriff (almost dead, poisoned, lightly drained)
The sting hits the hippogriff.
The hippogriff appears unharmed.
The hippogriff is almost dead.
The hippogriff bites you!
* * * LOW HITPOINT WARNING * * *
The hippogriff barely misses you. The hippogriff claws you!
You die...

.....#####.#####...........
.....# #.# ######......
###### #.# #...## #.# #...#
#.# #...# #.# #...# #.#
###.### ######.#
#######......# ## #......#
#.H@.........# .####.######
#.#####.#.##.# ....>.# #.#
#....... ####### #.###
#.#..... ##...###.......
#.....##.#.##..
#............ .
#.....####.### ##...## .#


You could see a hippogriff.

Vanquished Creatures
  3 sky beasts
  A giant frog (D:6)
  A scorpion (D:6)
  2 hounds (D:6)
  A centaur skeleton (D:7)
  5 orc wizards
  Jessica (D:3)
  3 orc priests
  5 worker ants
  A hound skeleton (D:4)
  6 gnolls
  9 adders
  A shadow imp (D:7)
  2 oozes
  2 adder skeletons
  2 worms (D:2)
  4 giant geckos
  20 orcs
  2 ball pythons
  13 bats
  A bat zombie (D:5)
  4 giant cockroaches
  16 goblins
  16 hobgoblins
  2 jackals (D:6)
  2 quokkas (D:4)
  5 giant newts
  15 kobolds
  18 rats
163 creatures vanquished.

Vanquished Creatures (collateral kills)
  An ogre (D:6)
  A giant frog (D:7)
  An orc wizard (D:4)
  Natasha (D:2)
  2 orcs (D:4)
  A hobgoblin (D:4)
  A giant gecko (D:7)
  A rat (D:4)
9 creatures vanquished.

Vanquished Creatures (others)
  A gnoll (D:6)
  An adder (D:6)
  A shadow imp (D:6)
  5 toadstools (D:1)
8 creatures vanquished.

Grand Total: 180 creatures vanquished

Notes
Turn   | Place    | Note
--------------------------------------------------------------
     0 | D:1      | Slowtrain the Demonspawn Venom Mage began the quest for the Orb.
     0 | D:1      | Reached XP level 1. HP: 13/13 MP: 3/3
    59 | D:1      | Reached skill level 1 in Conjurations
   185 | D:1      | Gained mutation: A weak demonic guardian rushes to your aid. [demonic ancestry]
   185 | D:1      | Reached XP level 2. HP: 19/19 MP: 1/5
  1160 | D:2      | Gained mutation: You are slightly more attuned to the shadows. [demonic ancestry]
  1160 | D:2      | Reached XP level 3. HP: 17/24 MP: 1/6
  1639 | D:2      | Noticed Natasha
  1665 | D:2      | Killed Natasha
  1763 | D:2      | Learned a level 3 spell: Mephitic Cloud
  1801 | D:2      | Found a deep blue altar of Sif Muna.
  1813 | D:2      | Gained mutation: You are significantly more attuned to the shadows. [demonic ancestry]
  1813 | D:2      | Reached XP level 4. HP: 30/30 MP: 1/7
  2279 | D:3      | Reached skill level 1 in Air Magic
  2473 | D:3      | Noticed Jessica
  2475 | D:3      | Killed Jessica
  2475 | D:3      | Reached XP level 5. HP: 35/35 MP: 5/8
  2488 | D:3      | Learned a level 2 spell: Cure Poison
  3514 | D:4      | Found Wyog's Book Shoppe.
  3804 | D:4      | Gained mutation: You have a pair of small antennae on your head. [demonic ancestry]
  3804 | D:4      | Reached XP level 6. HP: 41/41 MP: 6/9
  4279 | D:4      | Reached skill level 5 in Conjurations
  4525 | D:4      | Reached skill level 5 in Poison Magic
  4943 | D:4      | Found a white marble altar of Elyvilon.
  5111 | D:4      | Noticed a sky beast
  5155 | D:4      | Killed a sky beast
  5155 | D:4      | Reached XP level 7. HP: 22/46 MP: 0/12
  5532 | D:5      | Entered Level 5 of the Dungeon
  5595 | D:5      | Found a glowing golden altar of the Shining One.
  6019 | D:5      | Found a stormy altar of Qazlal.
  6043 | D:5      | Found Senoewur's Antique Armour Shop.
  6748 | D:5      | Noticed Grinder
  7464 | D:6      | Found a staircase to the Ecumenical Temple.
  7471 | Temple   | Entered the Ecumenical Temple
  7661 | D:6      | Reached skill level 6 in Conjurations
  7661 | D:6      | Gained mutation: You are completely attuned to the shadows. [demonic ancestry]
  7661 | D:6      | Reached XP level 8. HP: 52/52 MP: 12/14
  7880 | D:6      | Found Tatikkio's Gadget Boutique.
  8083 | D:6      | Found a sparkling altar of Nemelex Xobeh.
  8385 | D:7      | Reached skill level 1 in Short Blades
  8687 | D:7      | Slain by a hippogriff

Vault maps used:
D:1:      ldierk_walled_garden
D:2:      overflow_temple_1_default, uniq_natasha
D:3:      first_bread, grunt_ministairs_1, uniq_jessica
D:4:      elyvilon_altar_4, serial_shops, shop, nicolae_ossuary_entry_monument
D:5:      kennysheep_mini, basic_altar, serial_shops,
          nicolae_shop_competitors_out_of_business, hangedman_decor_push,
          uniq_grinder
D:6:      nemelex_deck, lemuel_temple_firewalk_marked, serial_shops,
          nicolae_shop_window_shopping
D:7:      vehumet_altar_wand_db, kennysheep_little_box
Temple:   triangle_lava_temple_11

Action                   |  1- 3 |  4- 6 |  7- 9 || total
-------------------------+-------+-------+-------++-------
Melee: Dagger            |     6 |       |       ||     6
       Short sword       |    23 |    67 |    82 ||   172
Throw: Stone             |       |       |    13 ||    13
 Cast: Sting             |    57 |   174 |   105 ||   336
       Mephitic Cloud    |       |     1 |     3 ||     4
Evoke: Wand              |       |       |     1 ||     1
  Use: Scroll            |       |     4 |     7 ||    11
       Potion            |       |     1 |     1 ||     2
 Stab: Sleeping          |     1 |     2 |     2 ||     5
  Eat: Chunk             |     4 |    11 |     5 ||    20
       Meat ration       |       |       |     1 ||     1
       Royal jelly       |       |       |     1 ||     1
